 Dungeon Crawl Stone Soup version 0.32-a0-933-ga8fa3634e4 (webtiles) character file.

Game seed: 11760842322656406832

21 Sabo the Charlatan (level 2, -1/16 HPs)
             Began as a Gargoyle Artificer on Apr 14, 2024.
             Was a Follower of Qazlal.
             Killed from afar by Sigmund (5 damage)
             ... with a magic dart
             ... on level 2 of the Dungeon.
             The game lasted 00:07:22 (1177 turns).

Sabo the Charlatan (Gargoyle Artificer)             Turns: 1177, Time: 00:07:23

Health: -1/16      AC:  6    Str: 15    XL:     2   Next: 83%
Magic:  2/2        EV: 10    Int: 11    God:    Qazlal [*.....]
Gold:   58         SH:  1    Dex: 10    Spells: 1/1 levels left

rFire   . . .        k - +0 hand axe
rCold   . . .        (no shield)
rNeg    + . .        b - +0 leather armour
rPois   ∞            (no helmet)
rElec   +            (no cloak)
rCorr   .            (no gloves)
SInv    .            (no boots)
Will    .....        (no amulet)
Stlth   +            (no ring)
HPRegen 0.22/turn    (no ring)
MPRegen 0.08/turn

%: no passive effects
@: no status effects
A: sickness immunity, AC +2, negative energy resistance 1, electricity
resistance, torment resistance 1, petrification resistance
a: Renounce Religion


You were on level 2 of the Dungeon.
You worshipped Qazlal.
Qazlal was aware of your devotion.
You visited 1 branch of the dungeon, and saw 2 of its levels.

You collected 58 gold pieces.

Inventory:

Hand Weapons
 k - a +0 hand axe (weapon)
Missiles
 i - 4 boomerangs (quivered)
Armour
 b - a +0 leather armour (worn)
Wands
 c - a wand of flame (15)
 d - a wand of charming (15)
 e - a wand of iceblast (5)
Scrolls
 a - a scroll of fear {unknown}
 f - 2 scrolls of fog
 g - a scroll of blinking {unknown}
 l - a scroll of enchant armour {unknown}
 n - a scroll of identify {unknown}
Potions
 h - 2 potions of berserk rage {unknown}
 j - a potion of haste {unknown}
 m - a potion of curing {unknown}


   Skills:
 + Level 1.2 Fighting
 + Level 0.1 Throwing
 + Level 2.5 Armour
 + Level 0.7 Dodging
 + Level 1.1 Stealth
 + Level 3.3 Evocations


You had one spell level left.
You didn't know any spells.
Your spell library contained the following spells:

 Spells                   Type           Power      Damage    Failure   Level
 Shock                    Conj/Air       0%         1d3       41%         1
 Swiftness                Air            0%         N/A       78%         3
 Airstrike                Air            0%         2d(0-16)  99%         4


Dungeon Overview and Level Annotations

Branches:
Dungeon (2/15)

Altars:
Qazlal

Shops:
D:1 *

Annotations:
D:2 Sigmund


Innate Abilities, Weirdness & Mutations

You are immune to sickness and miasma.
Your stone body is resilient. (AC +2)
You are immune to poison.
You resist negative energy. (rN+)
You are resistant to electric shocks. (rElec)
You are resistant to unholy torment.
You are immune to petrification.


Message History

You kill the bat!
Qazlal accepts your kill.
You see here a bat corpse.
You open the large door.
A ball python comes into view.
The ball python hisses angrily.
There is a large open door here.
The ball python bites you. The ball python grabs you.
The ball python constricts you.
The ball python bites you but does no damage.
The ball python constricts you.
You slash the ball python!
You kill the ball python!
Qazlal accepts your kill.
You start resting.
HP restored.
You see here a ball python corpse.
You open the door.
Sigmund the Dreaded comes into view.
He is wielding a +0 scythe.
Sigmund gestures at you while chanting.
You are confused.
Found a scroll labelled PUVOAB ARRUI.
Sigmund hits you with a +0 scythe!
Ouch! That really hurt!
There is an open door here.
You bump into the rock wall.
Sigmund points at you and mumbles some strange words.
You resist with significant effort.
You bump into the rock wall.
Sigmund closely misses you.
Unknown command.
Sigmund barely misses you.
You're too confused to move!
Sigmund looks at you with fury. Sigmund hits you with a +0 scythe.
* * * LOW HITPOINT WARNING * * *
You feel less confused. Sigmund casts a spell at you. The magic dart hits you.
You die...
Sigmund begins carving another notch in his scythe.

..
#.#...............##.####
#......#........##.....
#......#....'##########
#......#..†.'.......†.#
########....#########.#
##'#### #.. ####.°@# ###
+......# #..@...# ###
#......# #.. #..?...# #.#
#......# #.. #......# ###
#....### ######


You could see Sigmund.

Vanquished Creatures
  A dart slug (D:1)
  2 endoplasms (D:1)
  4 hobgoblins (D:1)
  3 ball pythons
  4 bats
  A frilled lizard (D:1)
  3 rats
18 creatures vanquished.

Notes
Turn   | Place    | Note
-------+----------+-------------------------------------------
     0 | D:1      | Sabo the Gargoyle Artificer began the quest for the Orb.
     0 | D:1      | Reached XP level 1. HP: 12/12 MP: 1/1
   240 | D:1      | Reached skill level 3 in Evocations
   356 | D:1      | Reached XP level 2. HP: 16/16 MP: 2/2
   484 | D:1      | Found Mieloschi's General Store.
   520 | D:1      | Noticed a great orb of eyes
   523 | D:1      | Found a faded altar of an unknown god.
   527 | D:1      | Noticed a shining eye
   531 | D:1      | Noticed a shining eye
   531 | D:1      | Noticed a golden eye
   536 | D:1      | Prayed at the altar of an unknown god.
   536 | D:1      | Became a worshipper of Qazlal Stormbringer
   536 | D:1      | Reached * piety under Qazlal
  1169 | D:2      | Noticed Sigmund
  1177 | D:2      | Killed from afar by Sigmund

Illustrated notes

Levels and vault maps discovered:
D:1:      roderic_dead_forest, layout_basic, serial_shops, shop_fountains,
          hellmonk_ecumenical_altar_watching_god, minmay_cut_off
D:2:      minmay_wonky_spiral, layout_basic, uniq_sigmund

Skill      XL: |  1 |
---------------+----+-----
Evocations     | 3 |  3.3
Fighting       | |  1.2
Throwing       | |  0.1
Armour         | |  2.5
Dodging        | |  0.7
Stealth        | |  1.1

Action                     || total
---------------------------++-------
  Melee: Club              ||     9
         Whip              ||    12
         Hand axe          ||    18
  Throw: Boomerang         ||    10
    Use: Scroll            ||     1
 Armour: Leather armour    ||    35
  Dodge: Dodged            ||    24

Table legend: (Time is in decaauts)
 A = Elapsed time spent in this place.
 B = Non-inter-level travel time spent in this place.
 C = Inter-level travel time spent in this place.
 D = Time resting spent in this place.
 E = Time spent auto-exploring this place.
 F = Levels seen in this place.
 G = Mean time per level.
                   A        B        C        D        E       F      G
               +--------+--------+--------+--------+--------+-----+--------+
         Total |   1188 |   1188 |      0 |     32 |      0 |   2 |  594.0 |
       Dungeon |   1188 |   1188 |      0 |     32 |      0 |   2 |  594.0 |
               +--------+--------+--------+--------+--------+-----+--------+

Top non-repeatable levels by time:
     D:1: 1028 daAuts
     D:2: 159 daAuts
